 Dungeon Crawl Stone Soup version 0.30-a0-365-ge7f957f1db (webtiles) character file.

Game seed: 11053290241995457055

56 qeuew the Ducker (level 3, 0/25 HPs)
             Began as a Felid Berserker on Nov 16, 2022.
             Was a Follower of Trog.
             Slain by a gnoll
             ... wielding a +0 whip
              (4 damage)
             ... on level 3 of the Dungeon.
             The game lasted 00:02:16 (2058 turns).

qeuew the Ducker (Felid Berserker)                  Turns: 2058, Time: 00:02:17

Health: 0/25       AC:  1    Str: 15    XL:     3   Next: 71%
Magic:  4/4        EV: 19    Int:  8    God:    Trog [*.....]
Gold:   61         SH:  5    Dex: 15    Spells: 2/2 levels left
                                        Lives:  0   Deaths: 0

rFire   . . .      SeeInvis +      - Unarmed
rCold   . . .      Faith    .    (shield unavailable)
rNeg    . . .      Spirit   .    (body armour unavailable)
rPois   .          Reflect  +    (helmet unavailable)
rElec   .          Harm     .    (cloak unavailable)
rCorr   .          Rampage  .    (gloves unavailable)
Will    +....                    (boots unavailable)
Stlth   ..........               f - amulet of reflection
HPRegen 0.24/turn                d - ring of willpower
MPRegen 0.09/turn                (no ring)

@: berserking, very quick
A: very small, claws 1, fangs 3, see invisible, speed 1, shaggy fur 1, stealthy
paws, no weapons or thrown items, no armour, multi-lived
a: Renounce Religion, Berserk


You were on level 3 of the Dungeon.
You worshipped Trog.
Trog was aware of your devotion.
You visited 1 branch of the dungeon, and saw 3 of its levels.

You collected 61 gold pieces.

Inventory:

Jewellery
 d - a ring of willpower (left paw)
 f - an amulet of reflection (around neck)
Wands
 e - a wand of charming (7)
Scrolls
 a - a scroll of teleportation
Potions
 c - a potion of berserk rage


   Skills:
 + Level 3.4 Fighting
 + Level 4.7 Dodging
 + Level 2.3 Stealth
 + Level 3.4 Unarmed Combat
 + Level 0.0 Evocations


You had 2 spell levels left.
You didn't know any spells.
Your spell library was empty.

Dungeon Overview and Level Annotations

Branches:
Dungeon (3/15)

Altars:

Shops:
D:1 =


Innate Abilities, Weirdness & Mutations

You have sharp claws.
You have razor-sharp teeth.
You have supernaturally acute eyesight. (SInv)
You cover ground quickly. (Speed+)
You are covered in fur. (AC +1)
Your paws help you pounce on unaware monsters.
You are incapable of wielding weapons or throwing items.
You cannot wear armour.
You gain extra lives every three experience levels.


Message History

The endoplasm misses you.
You completely miss the endoplasm. You bite the endoplasm.
You kill the endoplasm!
Trog accepts your kill.
No target in view!
No target in view!
Found an escape hatch in the ceiling.
You see here a potion of degeneration.
No target in view!
There is an escape hatch in the ceiling here.
Found a quarterstaff.
No target in view!
A gnoll comes into view. It is wielding a +0 spear.
Found 6 stones.
The gnoll shouts!
A gnoll comes into view. It is wielding a +0 halberd.
The gnoll moves out of view. 2 gnolls come into view.
Found 7 gold pieces.
The gnoll closely misses you.
You barely miss the gnoll.
The gnoll shouts! x3
The gnoll hits you with a +0 spear.
You barely miss the gnoll. The gnoll misses you.
You scratch the gnoll but do no damage. You claw the gnoll.
The gnoll is moderately wounded.
The gnoll misses you. You block the gnoll's attack. The gnoll misses you.
The gnoll hits you with a +0 club!
A red film seems to cover your vision as you go berserk!
You feel yourself moving faster!
You feel mighty! The gnoll barely misses you. x2
The gnoll misses you.
You feel a strong urge to attack something.
You barely miss the gnoll. The gnoll misses you. You block the gnoll's attack.
The gnoll closely misses you. The gnoll completely misses you.
You claw the gnoll!
The gnoll is almost dead.
The gnoll hits you with a +0 spear!
* * * LOW HITPOINT WARNING * * *
The gnoll hits you with a +0 whip.
You die...

#########
♣♣♣.......#
♣PP^......#
....(....#
♣.......#
♣♣♣.......#
♣.......g.#######..
......g@....)......
..$....gg.#.#####.
##...######.# #..
#.### #. #...# #+#
# ###.## #.#
######<.######.#
#............##.#
#.########.#!##.#


You could see 4 gnolls.

Vanquished Creatures
  An adder (D:2)
  A worm (D:2)
  2 dart slugs
  2 ball pythons
  3 bats
  4 endoplasms
  2 giant cockroaches (D:1)
  3 goblins (D:1)
  3 hobgoblins (D:1)
  2 jackals (D:2)
  3 kobolds
  3 quokkas (D:1)
  3 frilled lizards
  4 rats
36 creatures vanquished.

Notes
Turn   | Place    | Note
-------+----------+-------------------------------------------
     0 | D:1      | qeuew the Felid Berserker began the quest for the Orb.
     0 | D:1      | Reached XP level 1. HP: 10/10 MP: 2/2
   119 | D:1      | Reached skill level 1 in Stealth
   151 | D:1      | Reached XP level 2. HP: 13/14 MP: 3/3
   257 | D:1      | Found Zapiec's Jewellery Emporium.
   933 | D:1      | Reached XP level 3. HP: 17/17 MP: 4/4
  1234 | D:2      | Reached ** piety under Trog
  2058 | D:3      | Slain by a gnoll

Illustrated notes

Levels and vault maps discovered:
D:1:      nicolae_arrival_somewhat_less_tricky_arrival, layout_basic,
          serial_shops, nicolae_diamond_shop, serial_glass, glass_columns_a,
          glass_columns_c, hangedman_decor_growths
D:2:      layout_loops_ring, serial_glass, glass_columns_a, glass_columns_c,
          serial_bayou_pond_d, moated_statue
D:3:      layout_basic, evilmike_ruin_ashenzari, serial_bayou_crossing

Skill      XL: |  1  2  3 |
---------------+----------+-----
Stealth        | 1 2 |  2.3
Fighting       | |  3.4
Dodging        | |  4.7
Unarmed Combat | |  3.4

Action                   || total
-------------------------++-------
Melee: Unarmed           ||    87
       Bite              ||    12
       Punch             ||     2
Invok: Berserk           ||     2
       Trog's Hand       ||     1
  Use: Scroll            ||     7
       Potion            ||     2
 Stab: Sleeping          ||     2
Armor: Skin              ||     4
Dodge: Dodged            ||    73
Block: Other             ||     2

Table legend: (Time is in decaauts)
 A = Elapsed time spent in this place.
 B = Non-inter-level travel time spent in this place.
 C = Inter-level travel time spent in this place.
 D = Time resting spent in this place.
 E = Time spent auto-exploring this place.
 F = Levels seen in this place.
 G = Mean time per level.
                   A        B        C        D        E       F      G
               +--------+--------+--------+--------+--------+-----+--------+
         Total |   1722 |   1674 |     48 |     46 |   1385 |   3 |  574.0 |
       Dungeon |   1722 |   1674 |     48 |     46 |   1385 |   3 |  574.0 |
               +--------+--------+--------+--------+--------+-----+--------+

Top non-repeatable levels by time:
     D:1: 972 daAuts
     D:2: 659 daAuts
     D:3: 90 daAuts
